 Zot Defence DCSS version 0.15.2 (webtiles) character file.

407 Jannitor the Grasshopper (level 6, 0/0 (32) HPs)
             Began as a Vine Stalker Warper on July 5, 2017.
             Rotted away
             ... in the Realm of Zot (Scenario I: Hall of Zot).
             The game lasted 00:04:42 (762 turns).

Jannitor the Grasshopper (Vine Stalker Warper)       Turns: 762, Time: 00:04:42

HP   0/0 (32)    AC  3     Str 13      XL: 6   Next: 88%
MP  10/12        EV 12     Int 13      God:
Gold 0           SH  0     Dex 16      Spells:  1 memorised,  8 levels left

rFire  . . .     SeeInvis .     l - +2 spear (venom)
rCold  . . .     Clarity  .     b - +0 leather armour
rNeg   . . .     rCorr    .     (no shield)
rPois  .         rRot     +     (no helmet)
rElec  .         Spirit   +     (no cloak)
SustAb .         Warding  .     (no gloves)
rMut   .         Stasis   .     (no boots)
Gourm  .                        (no amulet)
MR     .....                    (no ring)
                                (no ring)

@: not resistant to hostile enchantments, very unstealthy
A: fangs 2, regeneration 2, magic shield, antimagic bite, no device heal 3, rot
immunity
a: Make oklob sapling, Make arrow trap, Make plant, Remove Curse, Make burning
bush, Make altar, Make grenades


You were in the Realm of Zot.
You were not hungry.

You visited 1 branch

Inventory:

Hand weapons
 a - a +0 spear
 h - a +0 scythe
 l - a +2 spear of venom (weapon)
Missiles
 e - 5 tomahawks of dispersal (quivered)
Armour
 b - a +0 leather armour (worn)
Comestibles
 g - a bread ration
Scrolls
 d - 2 scrolls of blinking
Potions
 f - 3 potions of curing
 i - a potion of haste
 j - 2 potions of magic
 k - a potion of berserk rage
Books
 c - a book of Spatial Translocations

   Spells                             Type                      Level
   *Apportation                       Translocation                1
   Blink                              Translocation                2
   Shroud of Golubria                 Charms/Translocation         2
   Portal Projectile                  Translocation                3
   Teleport Other                     Translocation                3
   Passage of Golubria                Translocation                4


   Skills:
 + Level 3.5 Fighting
 + Level 3.4 Polearms
 - Level 0.8 Throwing
 - Level 0.7 Armour
 + Level 3.3 Dodging
 - Level 2.1 Spellcasting
 + Level 4.4 Translocations


You had 8 spell levels left.
You knew the following spells:

 Your Spells              Type           Power        Failure   Level  Hunger
a - Apportation           Tloc           ##........   6%          1    ##.....


Dungeon Overview and Level Annotations

Branches:
    Zot (1/1)

Altars:


Innate Abilities, Weirdness & Mutations

You have extremely sharp teeth.
You heal very quickly.
When hurt, damage is shared between your health and your magic reserves.
Your bite disrupts and absorbs the magic of your enemies.
Potions and wands cannot restore your health.
You are immune to rotting.


Message History

Attack whom?
Press: ? - help, Dir - move target cursor, f/p - Deirequb
Aim: Deirequb the troll (moderately wounded, poisoned)
You reach to attack!
You closely miss Deirequb.
Your flesh rots away as the Orb of Zot is desecrated.
Deirequb is moderately wounded.
Your flesh rots away as the Orb of Zot is desecrated. x4
Unknown command.
Attack whom?
Press: ? - help, Dir - move target cursor, f/p - Deirequb
Aim: Deirequb the troll (moderately wounded, poisoned)
You could not reach far enough!
Your flesh rots away as the Orb of Zot is desecrated. x3
Unknown command.
Attack whom?
Press: ? - help, Dir - move target cursor, f/p - Deirequb
Aim: Deirequb the troll (moderately wounded, poisoned)
You could not reach far enough!
Your flesh rots away as the Orb of Zot is desecrated.
You die...

......▓▓▓ ▓▓▓........ ........▓▓
▓▓.......... .........▓ ▓▓▓▓▓▓▓▓▓
▓...........
.........▓▓▓P......▓▓▓...........
.........▓▓....%....▓▓...........
.........▓[.%.PPP....▓...........
...........).%PT)%)).))..........
........)▓....PPP....▓%).........
.........▓▓.....@...▓▓).%........
.........▓▓▓P..P%.P▓▓▓...........
.........# ▓▓▓▓▓▓▓▓▓ #...........
........## ##.......... ......###
###........ ...#### ####.....
######## ########## .......###
###......... ...##....##
##....##.....


You could see Deirequb the troll and 4 friendly oklob saplings.

Vanquished Creatures
  A gnoll (Zot)
  4 oozes (Zot)
  2 ball pythons (Zot)
  3 giant cockroaches (Zot)
  7 hobgoblins (Zot)
  A jackal (Zot)
  A quokka (Zot)
  4 bats (Zot)
23 creatures vanquished.

Vanquished Creatures (collateral kills)
  An ogre (Zot)
  Sigmund (Zot)
  A goliath beetle (Zot)
  An adder (Zot)
  A worm (Zot)
  A giant gecko (Zot)
  6 giant cockroaches (Zot)
  2 goblins (Zot)
  3 hobgoblins (Zot)
  A quokka (Zot)
  2 bats (Zot)
  A giant newt (Zot)
  2 jackals (Zot)
  3 kobolds (Zot)
  6 rats (Zot)
32 creatures vanquished.

Vanquished Creatures (others)
  An oklob sapling (Zot)
  2 plants (Zot)
3 creatures vanquished.

Grand Total: 58 creatures vanquished

Notes
Turn   | Place    | Note
--------------------------------------------------------------
     0 | Zot      | Jannitor, the Vine Stalker Warper, began the quest for the Orb.
     0 | Zot      | Reached XP level 1. HP: 11/11 MP: 3/3
   208 | Zot      | Reached XP level 2. HP: 8/15 MP: 3/5
   255 | Zot      | Reached XP level 3. HP: 16/18 MP: 7/7
   340 | Zot      | Noticed Simpiom
   349 | Zot      | Killed Simpiom the ogre
   349 | Zot      | Reached skill level 4 in Translocations
   349 | Zot      | Reached XP level 4. HP: 9/24 MP: 5/8
   349 | Zot      | Reached XP level 5. HP: 10/28 MP: 6/11
   513 | Zot      | Gained mutation: You heal very quickly. [vine stalker growth]
   513 | Zot      | Reached XP level 6. HP: 32/32 MP: 12/12
   540 | Zot      | Noticed Sigmund
   542 | Zot      | Killed Sigmund
   601 | Zot      | HP: 1/32 [goliath beetle (14)]
   743 | Zot      | Noticed Deirequb
   762 | Zot      | Rotted away

Action                   |  1- 3 |  4- 6 || total
-------------------------+-------+-------++-------
Melee: Spear             |    50 |    80 ||   130
 Abil: Make oklob saplin |     1 |     4 ||     5
       Make plant        |       |     9 ||     9
 Stab: Distracted        |       |     3 ||     3
